 Dungeon Crawl Stone Soup version 0.17-a0-1479-g4041c36 (webtiles) character file.

16 urechis the Stinger (level 2, -3/11 HPs)
             Began as a Felid Venom Mage on July 3, 2015.
             Slain by a worm (8 damage)
             ... on level 2 of the Dungeon.
             The game lasted 00:02:12 (1189 turns).

urechis the Stinger (Felid Venom Mage)              Turns: 1189, Time: 00:02:12

Health: -3/11      AC:  1    Str:  4    XL:     2   Next: 37%
Magic:  6/6        EV: 18    Int: 16    God:
Gold:   18         SH:  0    Dex: 16    Spells: 1 memorised, 4 levels left
                                        Lives:  0   Deaths: 0

rFire  . . .     SeeInvis +     (weapon unavailable)
rCold  . . .     Clarity  .     (armour unavailable)
rNeg   . . .     SustAt   .     (shield unavailable)
rPois  +         Gourm    .     (helmet unavailable)
rElec  .         Spirit   .     (cloak unavailable)
rCorr  .         Warding  .     (gloves unavailable)
rMut   .         Stasis   .     (boots unavailable)
MR     .....                    (no amulet)
Stlth  +++.......               (no ring)
                                h - ring of poison resistance

@: quick, not resistant to hostile enchantments, fairly stealthy
A: no armour, no weapons or thrown items, claws 1, fangs 3, see invisible,
carnivore 3, speed 1, shaggy fur 1, slow metabolism 1, sharp paws
a: no special abilities


You were on level 2 of the Dungeon.
You were not hungry.

You visited 1 branch of the dungeon, and saw 2 of its levels.

You collected 18 gold pieces.

Inventory:

Jewellery
 h - a ring of poison resistance (left paw)
Scrolls
 d - a scroll of identify {unknown}
 e - 2 scrolls of immolation {unknown}
 f - a scroll of enchant armour {unknown}
 i - a scroll of recharging {unknown}
Potions
 c - a potion of curing {unknown}
 g - a potion of lignification {unknown}
Books
 a - a Young Poisoner's Handbook

   Spells                             Type                      Level
   a - Sting                          Conjuration/Poison           1
   b - Cure Poison                    Poison                       2
   c - Mephitic Cloud                 Conjuration/Poison/Air       3
   d - Olgreb's Toxic Radiance        Poison                       4
   e - Venom Bolt                     Conjuration/Poison           5
Comestibles
 b - a meat ration


   Skills:
 - Level 3.0 Dodging
 - Level 3.0 Stealth
 - Level 2.0 Spellcasting
 + Level 0.1 Conjurations
 - Level 4.0 Poison Magic


You had 4 spell levels left.
You knew the following spells:

 Your Spells              Type           Power        Failure   Level  Hunger
a - Sting                 Conj/Pois      #...         10%         1    #......


Dungeon Overview and Level Annotations

Branches:
Dungeon (2/15)

Altars:

Annotations:
D:2 Sigmund


Innate Abilities, Weirdness & Mutations

You cannot wear armour.
You are incapable of wielding weapons or throwing items.
You have sharp claws.
You have razor-sharp teeth.
You have supernaturally acute eyesight.
You are carnivorous and can eat meat at any time.
You cover ground quickly.
You are covered in fur (AC +1).
You have a slow metabolism.
Your sharp claws are effective at attacking unaware monsters.


Message History

You climb downwards.
Level annotation: Sigmund A worm and a kobold come into view.
Found a hunting sling.
Found a stone staircase leading down.
There is a stone staircase leading up here.
The helpless worm fails to defend itself.
You claw the worm!
The worm is heavily wounded.
The worm bites you.
Ouch! That really hurt!
You scratch the worm.
The worm is heavily wounded.
You scratch the worm.
The worm is severely wounded.
The worm closely misses you.
You scratch the worm but do no damage.
The worm is heavily wounded.
The worm bites you!
Ouch! That really hurt!
You die...

##.. ..## ..
..# ..## ...##
#... #..# ##.
#.w#.....
#@.......
.........#.####
#..####.># #..#
.)K# .... ####


You could see a worm and a kobold (sleeping).

Vanquished Creatures
  3 bats (D:1)
  2 giant cockroaches (D:2)
  A goblin (D:1)
  5 hobgoblins (D:1)
  A kobold (D:1)
  A giant gecko (D:1)
  A giant newt (D:2)
14 creatures vanquished.

Notes
Turn   | Place    | Note
--------------------------------------------------------------
     0 | D:1      | urechis the Felid Venom Mage began the quest for the Orb.
     0 | D:1      | Reached XP level 1. HP: 7/7 MP: 4/4
   422 | D:1      | Reached XP level 2. HP: 11/11 MP: 1/6
   952 | D:2      | Reached skill level 4 in Poison Magic
   990 | D:2      | Noticed Sigmund
  1189 | D:2      | Slain by a worm

Vault maps used:
D:1:      dpeg_arrival_rhombi
D:2:      serial_glass, glass_columns_a, glass_columns_a,
          minmay_rats_cheesy_pizza, uniq_sigmund

Action                   || total
-------------------------++-------
Melee: Unarmed           ||    22
 Cast: Sting             ||    23
 Stab: Sleeping          ||     4
